 Dungeon Crawl Stone Soup version 0.31.0-11-ge490571c62 (webtiles) character file.

Game seed: 4036153696281449044

70 Daunt the Insei (level 3, -1/29 HPs)
             Began as a Demigod Shapeshifter on Jan 30, 2024.
             Killed from afar by an orc wizard (2 damage)
             ... with a magic dart
             ... on level 3 of the Dungeon.
             The game lasted 00:04:24 (1917 turns).

Daunt the Insei (Demigod Shapeshifter)              Turns: 1917, Time: 00:04:26

Health: -1/29      AC:  6    Str: 15    XL:     3   Next: 76%
Magic:  5/5        EV:  9    Int: 12    God:
Gold:   145        SH:  0    Dex: 17    Spells: 2/2 levels left

rFire   . . .        o - +4 mace (drain)
rCold   . . .        (no shield)
rNeg    . . .        q - +0 scale mail
rPois   .            (helmet currently unavailable)
rElec   .            (cloak currently unavailable)
rCorr   .            (gloves currently unavailable)
SInv    .            (boots currently unavailable)
Will    .....        (no amulet) Stlth
                     (no ring)
HPRegen 0.24/turn    (no ring)
MPRegen 0.09/turn

%: no passive effects
@: confused, beast-form
A: beast (slay +1), high MP 1, forlorn, divine attributes
a: Begin Untransformation


You were on level 3 of the Dungeon.
You were a hulking beast.
You visited 1 branch of the dungeon, and saw 3 of its levels.

You collected 145 gold pieces.

Inventory:

Hand Weapons
 a - a +0 sling
 o - a +4 mace of draining (weapon)
 v - a +2 antimagic long sword
Missiles
 k - 6 stones
Armour
 f - a +0 animal skin
 p - a +0 leather armour
 q - a +0 scale mail (worn)
Jewellery
 t - a ring of ice
Talismans
 c - a beast talisman (active)
 d - a flux talisman
Scrolls
 e - a scroll of immolation {unknown}
 h - a scroll of poison {unknown}
 j - 2 scrolls of identify {unknown}
 n - a scroll of fog {unknown}
 r - a scroll of enchant armour {unknown}
 s - a scroll of teleportation {unknown}
Potions
 b - a potion of lignification
 g - 2 potions of degeneration {unknown}
 i - a potion of attraction {unknown}
 l - 2 potions of enlightenment {unknown}
 m - a potion of curing {unknown}
 u - a potion of might {unknown}


   Skills:
 + Level 2.2 Fighting
 - Level 2.5 Ranged Weapons
 - Level 1.7 Dodging
 - Level 2.6 Unarmed Combat
 - Level 2.6 Shapeshifting


You had 2 spell levels left.
You didn't know any spells.
Your spell library was empty.

Dungeon Overview and Level Annotations

Branches:
Dungeon (3/15)


Innate Abilities, Weirdness & Mutations

You are a hulking beast.
Your limbs bulge with bestial killing power. (Slay +1)
You have an increased reservoir of magic. (+10% MP)
You shall have no god before yourself.
Your divine heritage dramatically boosts your attributes as you level up.


Message History

Something tries to affect you, but you resist.
The orc wizard completely misses you.
Unknown command.
Okay, then.
Unknown command.
You miss something.
You hear some strange, mumbled words.
A puff of flame appears from out of thin air!
The puff of flame hits you!
The orc wizard hits you but does no damage.
You completely miss the orc wizard.
The orc wizard is severely wounded.
You hear some strange, mumbled words.
A puff of flame appears from out of thin air!
The puff of flame hits you!
* * * LOW HITPOINT WARNING * * *
The orc wizard misses you.
Unknown command.
Unknown command.
Unknown command.
Unknown command.
You closely miss the orc wizard.
The orc wizard is severely wounded.
Something hits you.
* * * LOW HITPOINT WARNING * * *
The orc wizard casts a spell.
The orc wizard flickers and vanishes!
Something hits you.
* * * LOW HITPOINT WARNING * * *
The orc priest miscasts a cantrip.
Something hits you but does no damage.
Unknown command.
Unknown command.
Unknown command.
You hear some strange, mumbled words.
A puff of flame appears from out of thin air!
The puff of flame hits you.
* * * LOW HITPOINT WARNING * * *
A magic dart appears from out of thin air!
The magic dart hits you.
You die...

#### ....# ......###.#.
.#.# ........... #...#
....#.....# ####{o#
#...#.....####..){#####
#........##....h.....#
.....................#
#.....##..........#
##......().!.[.....#
#.....#..####.######
#......#.# #.#
#......#.# #.#
#....†)..###..#
#..#.........###


You could see an orc priest.

Vanquished Creatures
  A gnoll (D:1)
  An adder (D:3)
  2 ribbon worms (D:2)
  A dart slug (D:2)
  3 orcs (D:3)
  5 endoplasms (D:1)
  2 giant cockroaches (D:1)
  3 goblins (D:1)
  3 hobgoblins
  A kobold (D:1)
  3 quokkas (D:2)
  5 ball pythons
  5 bats
  2 frilled lizards
  3 rats
40 creatures vanquished.

Notes
Turn   | Place    | Note
-------+----------+-------------------------------------------
     0 | D:1      | Daunt the Demigod Shapeshifter began the quest for the Orb.
     0 | D:1      | Reached XP level 1. HP: 15/15 MP: 3/3
    16 | D:1      | Reached skill level 1 in Fighting
    65 | D:1      | Reached skill level 1 in Ranged Weapons
   153 | D:1      | Reached XP level 2. HP: 23/23 MP: 4/4
   784 | D:2      | Reached XP level 3. HP: 11/28 MP: 5/5
  1917 | D:3      | HP: 1/29 [something/puff of flame (4)]
  1917 | D:3      | Killed from afar by an orc wizard

Illustrated notes

Levels and vault maps discovered:
D:1:      heliophobic_arrival_battle_scene, layout_loops_ring
D:2:      layout_basic
D:3:      layout_rooms, nicolae_ru_the_path_less_chosen, serial_shops, shop,
          uniq_robin

Skill      XL: |  1  2  3 |
---------------+----------+-----
Fighting       | 1 2 |  2.2
Ranged Weapons | 1 2 |  2.5
Dodging        | |  1.7
Unarmed Combat | |  2.6
Shapeshifting  | |  2.6

Action                     || total
---------------------------++-------
  Melee: Unarmed           ||    14
         Mace              ||    40
   Fire: Sling             ||    66
 Armour: Animal skin       ||    16
         Scale mail        ||    38
  Dodge: Dodged            ||    59
   Form: Beast             ||     1
